AoeStats
← Kaizoku Oh

Fortress

510157131Analyzed
4v4 RM · 3d ago on Sep 29, 2026· 45m 35s· 8 players
Game mode
Random Map
Map size
Huge
Population
200
Speed
Normal
Resources
Standard
Victory
Conquest
Starting age
Dark Age
Ending age
Imperial Age
RankedLock teamsTeams togetherTeam positionsShared explorationLock speedFull tech treeHidden civsTurbo modeCheats
Victory
Defeat
🇨🇦 Saracens · Canada
1133
+11
🇫🇷 Huns · France
1007
+16
🇱🇹 Romans · Lithuania
994
+17
🇨🇦 Varangians · Canada
781
+26
🇩🇪 Bohemians · Germany
1063
-20
🇺🇸 Varangians · United States
1048
-19
🇬🇧 Byzantines · United Kingdom
965
-16
🇭🇰 Italians · Hong Kong SAR China
962
-15
stasaitis
7:15 Feudal Age
10:54 Castle Age
9:05 Double-Bit Axe
9:33 Horse Collar
10:54 Wheelbarrow
12:08 Bow Saw
17:23 Heavy Plow
19:53 Gold Mining
19:54 Stone Mining
21:29 Gold Shaft Mining
21:09 Loom
21:43 Hand Cart
21:15 Town Watch
24:28 Masonry
24:48 Fortified Wall
27:37 Murder Holes
27:46 Padded Archer Armor
27:36 Fletching
27:47 Scale Mail Armor
27:57 Forging
27:53 Scale Barding Armor
28:39 Town Patrol
29:18 Bodkin Arrow
30:42 Caravan
33:59 Imperial Age
32:07 Iron Casting
32:10 Chain Barding Armor
33:18 Ballistics
33:35 Bloodlines
33:25 Husbandry
33:43 Chain Mail Armor
33:43 Leather Archer Armor
33:37 Ballistas
34:31 Heavy Scorpion
34:37 Capped Ram
35:39 Conscription
36:02 Plate Barding Armor
36:28 Blast Furnace
35:51 Comitatenses
37:16 Chemistry
36:55 Crop Rotation
37:06 Siege Engineers
37:33 Architecture
37:37 Ring Archer Armor
37:11 Squires
36:36 Siege Ram
38:48 Pikeman
39:21 Elite Centurion
39:32 Halberdier
Felray
4:39 Loom
7:10 Feudal Age
13:18 Castle Age
12:02 Horse Collar
12:09 Double-Bit Axe
16:21 Forging
18:40 Wheelbarrow
18:11 Heavy Plow
18:28 Bow Saw
21:27 Hand Cart
22:16 Scale Mail Armor
22:49 Gold Mining
22:49 Stone Mining
24:06 Town Watch
25:06 Iron Casting
30:00 Imperial Age
27:53 Husbandry
28:05 Bloodlines
30:03 Chain Mail Armor
29:56 Scale Barding Armor
30:16 Elite Tarkan
32:51 Marauders
33:12 Conscription
32:27 Elite Skirmisher
34:15 Padded Archer Armor
34:05 Fletching
36:03 Light Cavalry
38:04 Hussar
43:16 Town Patrol
44:20 Blast Furnace
43:41 Chain Barding Armor
43:37 Chain Mail Armor
44:46 Caravan
lhermite
7:09 Loom
8:55 Feudal Age
13:39 Castle Age
11:58 Double-Bit Axe
11:54 Horse Collar
15:16 Bow Saw
15:07 Heavy Plow
16:25 Wheelbarrow
26:59 Imperial Age
26:24 Hand Cart
26:18 Scale Barding Armor
26:24 Forging
28:04 Bloodlines
27:55 Husbandry
28:18 Chain Barding Armor
28:47 Iron Casting
27:35 Light Cavalry
27:53 Elite Mameluke
32:17 Hussar
35:19 Conscription
37:10 Plate Barding Armor
37:36 Blast Furnace
Krypp
8:25 Feudal Age
14:37 Castle Age
15:54 Double-Bit Axe
15:55 Horse Collar
25:26 Imperial Age
23:25 Fletching
28:03 Caravan
30:30 Padded Archer Armor
30:44 Bow Saw
33:04 Bodkin Arrow
37:19 Ballistics
40:09 Chemistry
39:12 Bracer
43:35 Leather Archer Armor
Kaizoku Oh
6:57 Feudal Age
13:47 Castle Age
12:08 Horse Collar
12:30 Double-Bit Axe
14:52 Crossbowman
15:51 Bow Saw
16:55 Gold Mining
17:48 Fortified Wall
17:42 Fletching
17:54 Padded Archer Armor
21:09 Gold Shaft Mining
22:00 Bodkin Arrow
25:05 Thumb Ring
25:46 Wheelbarrow
27:02 Heavy Plow
29:44 Hand Cart
29:14 Loom
Maudi
0:40 Loom
6:03 Feudal Age
12:33 Castle Age
11:52 Double-Bit Axe
15:34 Fervor
17:22 Horse Collar
21:57 Wheelbarrow
23:29 Town Watch
27:28 Imperial Age
25:51 Fletching
26:15 Forging
26:06 Scale Mail Armor
27:18 Chemistry
26:40 Ballistics
27:17 Fortified Wall
27:03 Murder Holes
27:29 Bow Saw
27:16 Pikeman
28:04 Bodkin Arrow
28:54 Squires
29:04 Arson
29:35 Chain Mail Armor
30:20 Conscription
33:32 Houfnice
33:51 Elite Skirmisher
33:52 Crossbowman
35:21 Padded Archer Armor
35:21 Arbalester
37:36 Leather Archer Armor
37:21 Bracer
41:41 Ring Archer Armor
BabyShark
2:18 Loom
6:18 Feudal Age
7:07 Double-Bit Axe
14:05 Castle Age
12:57 Gold Mining
20:55 Imperial Age
19:49 Wheelbarrow
20:02 Fletching
21:32 Town Watch
23:56 Bodkin Arrow
25:02 Conscription
25:56 Fortified Wall
26:50 Hand Cart
27:54 Padded Archer Armor
28:29 Thumb Ring
30:16 Elite Genoese Crossbowman
32:17 Ballistics
32:58 Chemistry
33:40 Bracer
36:04 Leather Archer Armor
37:38 Scale Barding Armor
38:04 Ring Archer Armor
37:45 Forging
37:43 Scale Barding Armor
37:29 Elite Skirmisher
39:49 Bloodlines
39:03 Light Cavalry
39:59 Husbandry
39:52 Hussar
41:28 Chain Barding Armor
41:43 Iron Casting
cinerateURbutt
7:36 Feudal Age
9:19 Loom
9:41 Horse Collar
9:55 Double-Bit Axe
12:16 Castle Age
11:31 Gold Mining
14:17 Bow Saw
16:30 Heavy Plow
20:54 Wheelbarrow
21:36 Bloodlines
21:27 Town Watch
26:26 Imperial Age
25:17 Fortified Wall
25:18 Masonry
26:29 Hand Cart
26:42 Ballistics
27:09 Stone Mining
28:25 Conscription
28:11 Town Patrol
33:18 Elite Jarl
34:09 Scale Barding Armor
34:14 Forging
34:20 Pikeman
34:46 Gambesons
36:36 Halberdier
37:19 Cavalier
38:24 Husbandry
40:09 Chain Barding Armor
40:37 Iron Casting
41:07 Fletching
41:53 Architecture
42:33 Padded Archer Armor
43:02 Vendel Legacy
Connection lost

Rejoining the realm…

Still unreachable

The connection could not be restored.

Session expired

The server has moved on; the page needs a fresh start.